 Dungeon Crawl Stone Soup version 0.30-a0-358-g0d69a1922f (webtiles) character file.

Game seed: 4136151248816890134

170 oldmanjim the Vexing (level 5, -3/41 HPs)
             Began as a Gnoll Hexslinger on Nov 9, 2022.
             Slain by an iguana (10 damage)
             ... on level 3 of the Dungeon.
             The game lasted 00:17:06 (3293 turns).

oldmanjim the Vexing (Gnoll Hexslinger)             Turns: 3293, Time: 00:17:06

Health: -3/41      AC:  4    Str:  9    XL:     5   Next: 50%
Magic:  0/9        EV: 13    Int: 15    God:
Gold:   176        SH:  0    Dex: 12    Spells: 6/10 levels left

rFire   + . .      SeeInvis .    b - +1 dagger (speed)
rCold   . . .      Faith    .    (no shield)
rNeg    . . .      Spirit   +    c - +0 robe
rPois   .          Reflect  .    v - +0 helmet
rElec   .          Harm     .    d - +0 cloak
rCorr   .          Rampage  .    (no gloves)
Will    .....                    (no boots)
Stlth   ++........               g - amulet of guardian spirit
HPRegen 0.26/turn                m - ring of protection from fire
MPRegen 0.11/turn                (no ring)

@: no status effects
A: fangs 1, strong nose, distributed training
a: no special abilities


You were on level 3 of the Dungeon.
You visited 1 branch of the dungeon, and saw 4 of its levels.

You collected 216 gold pieces.
You spent 40 gold pieces at shops.

Inventory:

Hand Weapons
 a - a +1 sling
 b - a +1 dagger of speed (weapon)
 r - a +0 dagger
Missiles
 h - 55 stones
 p - 12 poisoned darts
Armour
 c - a +0 robe (worn)
 d - a +0 cloak (worn)
 v - a +0 helmet (worn)
Jewellery
 g - an amulet of guardian spirit (around neck)
 m - a ring of protection from fire (left hand)
Scrolls
 e - 2 scrolls of enchant weapon {unknown}
 f - a scroll of poison
 i - 3 scrolls of identify {unknown}
 l - a scroll of noise {unknown}
 o - a scroll of brand weapon {unknown}
 t - a scroll of teleportation {unknown}
 w - a scroll of fear {unknown}
Potions
 j - 3 potions of curing
 k - a potion of berserk rage {unknown}
 n - 2 potions of mutation {unknown}
 q - a potion of cancellation {unknown}
 s - a potion of brilliance {unknown}
 u - a potion of resistance {unknown}
 x - a potion of attraction {unknown}


   Skills:
 + Level 3.0 Fighting
 + Level 1.6 Short Blades
 + Level 1.6 Long Blades
 + Level 1.6 Axes
 + Level 1.6 Maces & Flails
 + Level 1.6 Polearms
 + Level 1.6 Staves
 + Level 4.8 Ranged Weapons
 + Level 1.6 Throwing
 + Level 1.6 Armour
 + Level 4.8 Dodging
 + Level 1.6 Stealth
 + Level 1.6 Shields
 + Level 1.6 Unarmed Combat
 + Level 3.2 Spellcasting
 + Level 1.2 Conjurations
 + Level 5.5 Hexes
 + Level 1.2 Summonings
 + Level 1.2 Necromancy
 + Level 1.2 Translocations
 + Level 1.2 Transmutations
 + Level 1.2 Fire Magic
 + Level 1.2 Ice Magic
 + Level 1.2 Air Magic
 + Level 1.2 Earth Magic
 + Level 1.2 Poison Magic
 + Level 1.8 Invocations
 + Level 1.6 Evocations


You had 6 spell levels left.
You knew the following spells:

 Your Spells              Type           Power      Damage    Failure   Level
a - Slow                  Hex            76%        N/A       1%          1
b - Inner Flame           Hex/Fire       12%        N/A       14%         3

Your spell library contained the following spells:

 Spells                   Type           Power      Damage    Failure   Level
 Portal Projectile        Hex/Tloc       24%        N/A       14%         3
 Cause Fear               Hex            9%         N/A       21%         4


Dungeon Overview and Level Annotations

Branches:
Dungeon (4/15)
 Temple: D:4-7

Altars:

Shops:
D:1 !

Annotations:
D:3 exclusion: phantom


Innate Abilities, Weirdness & Mutations

You have very sharp teeth.
Your uncanny sense of smell can sniff out nearby items.
Your experience applies equally to all skills.


Message History

Press: ? - help, Shift-Dir - straight line, f/p - iguana
Aim: an iguana (heavily wounded, slow, chance to affect: 61%)
The goblin struggles to resist.
The goblin hits you with a +0 club.
* * * LOW HITPOINT WARNING * * *
The goblin attacks as you move away! The goblin misses you.
The orc wizard casts a spell.
The orc wizard flickers and vanishes!
Deactivating autopickup; reactivate with Ctrl-A.
Casting: Slow (safe; 1% risk of failure)
Confirm with . or Enter, or press ? or * to list all spells.
Aiming: Slow (safe; 1% risk of failure)
Press: ? - help, Shift-Dir - straight line, f/p - iguana
Aim: an iguana (heavily wounded, slow, chance to affect: 61%)
The goblin seems to slow down.
The iguana is no longer moving slowly.
Casting: Slow (safe; 1% risk of failure)
Confirm with . or Enter, or press ? or * to list all spells.
Aiming: Slow (safe; 1% risk of failure)
Press: ? - help, Shift-Dir - straight line, f/p - iguana
Aim: an iguana (heavily wounded, chance to affect: 61%)
The iguana resists with significant effort.
The iguana hisses menacingly.
The iguana attacks as you move away! The iguana closely misses you.
The iguana attacks as you move away!
The iguana bites you but does no damage.
There is a stone staircase leading up here.
The iguana bites you.
* * * LOW HITPOINT WARNING * * *
You climb upwards.
Level annotation: exclusion: phantom Reactivating autopickup.
There is a stone staircase leading down here.
Casting: Slow (safe; 1% risk of failure)
Confirm with . or Enter, or press ? or * to list all spells.
Aiming: Slow (safe; 1% risk of failure)
Press: ? - help, Shift-Dir - straight line, f - iguana
Aim: an iguana (heavily wounded, chance to affect: 61%)
The iguana resists with significant effort.
The iguana bites you!
You die...

######## ###############
.......# #.......†.....#
.......# #.###########.#
.......###.#....l..###.##
................@....#..#
.......###.....#.#.#.#.##
######## ###.......#.#.#
#.#.....#.#.# #####
#.#...#.#.#.## ##...#
#............#
.....########..#.##)#####
.....##.......<.......#
.....##.####.###.##.#.#


You could see an iguana.

Vanquished Creatures
  A jelly (D:3)
  Robin (D:3)
  3 adders
  4 worms
  4 orcs
  A ball python (D:3)
  7 endoplasms
  4 giant cockroaches
  16 goblins
  3 hobgoblins
  7 jackals
  3 quokkas
  10 bats
  4 frilled lizards
  4 kobolds
  5 rats
77 creatures vanquished.

Vanquished Creatures (others)
  2 plants (D:4)
2 creatures vanquished.

Grand Total: 79 creatures vanquished

Notes
Turn   | Place    | Note
-------+----------+-------------------------------------------
     0 | D:1      | oldmanjim the Gnoll Hexslinger began the quest for the Orb.
     0 | D:1      | Reached XP level 1. HP: 17/17 MP: 4/4
    20 | D:1      | Found Zoiqoum's Distillery.
    52 | D:1      | Reached XP level 2. HP: 13/23 MP: 5/5
   308 | D:1      | Reached XP level 3. HP: 28/28 MP: 7/7
   355 | D:1      | You fall into a shaft and drop 1 floor!
   605 | D:1      | Learned a level 3 spell: Inner Flame
   634 | D:1      | Bought a potion of curing for 30 gold pieces
   634 | D:1      | Bought a potion of degeneration for 10 gold pieces
   673 | D:2      | Reached skill level 1 in Invocations
   998 | D:2      | Reached skill level 1 in Short Blades
   998 | D:2      | Reached skill level 1 in Long Blades
   998 | D:2      | Reached skill level 1 in Axes
   998 | D:2      | Reached skill level 1 in Maces & Flails
   998 | D:2      | Reached skill level 1 in Polearms
   998 | D:2      | Reached skill level 1 in Staves
   998 | D:2      | Reached skill level 1 in Throwing
   998 | D:2      | Reached skill level 1 in Armour
   998 | D:2      | Reached skill level 1 in Stealth
   998 | D:2      | Reached skill level 1 in Shields
   998 | D:2      | Reached skill level 1 in Unarmed Combat
   998 | D:2      | Reached skill level 1 in Evocations
  1255 | D:2      | Reached XP level 4. HP: 31/34 MP: 4/8
  1891 | D:3      | Reached skill level 1 in Conjurations
  1891 | D:3      | Reached skill level 1 in Summonings
  1891 | D:3      | Reached skill level 1 in Necromancy
  1891 | D:3      | Reached skill level 1 in Translocations
  1891 | D:3      | Reached skill level 1 in Transmutations
  1891 | D:3      | Reached skill level 1 in Fire Magic
  1891 | D:3      | Reached skill level 1 in Ice Magic
  1891 | D:3      | Reached skill level 1 in Air Magic
  1891 | D:3      | Reached skill level 1 in Earth Magic
  1891 | D:3      | Reached skill level 1 in Poison Magic
  1992 | D:3      | Noticed Robin
  2013 | D:3      | Killed Robin
  2452 | D:3      | Noticed a phantom
  2541 | D:3      | Found a faded altar of an unknown god.
  2585 | D:3      | Reached XP level 5. HP: 39/41 MP: 7/9
  3293 | D:3      | Slain by an iguana

Illustrated notes

Levels and vault maps discovered:
D:1:      lightli_arrival_lavapool, layout_basic, serial_shops, shop,
          minmay_distorted
D:2:      layout_basic, kennysheep_cross_bottleneck
D:3:      layout_basic, chequers_ecumenical_altar_simple, minmay_misc_feat_rows,
          corexii_leaking_fountain, supply_closet_lemuel, uniq_robin
D:4:      kennysheep_spiral_hall, layout_loops_cross,
          nicolae_hepliaklqana_ecumenical_no_more, uniq_crazy_yiuf_cottage

Skill      XL: |  1  2  3  4 |
---------------+-------------+-----
Invocations    | 1 |  1.8
Short Blades   | 1 |  1.6
Long Blades    | 1 |  1.6
Axes           | 1 |  1.6
Maces & Flails | 1 |  1.6
Polearms       | 1 |  1.6
Staves         | 1 |  1.6
Throwing       | 1 |  1.6
Armour         | 1 |  1.6
Stealth        | 1 |  1.6
Shields        | 1 |  1.6
Unarmed Combat | 1 |  1.6
Evocations     | 1 |  1.6
Spellcasting   | 3 |  3.2
Conjurations   | 1 |  1.2
Summonings     | 1 |  1.2
Necromancy     | 1 |  1.2
Translocations | 1 |  1.2
Transmutations | 1 |  1.2
Fire Magic     | 1 |  1.2
Ice Magic      | 1 |  1.2
Air Magic      | 1 |  1.2
Earth Magic    | 1 |  1.2
Poison Magic   | 1 |  1.2
Fighting       | 3 |  3.0
Ranged Weapons | |  4.8
Dodging        | |  4.8
Hexes          | |  5.5

Action                   |  1- 3 |  4- 6 || total
-------------------------+-------+-------++-------
Melee: Dagger            |       |    50 ||    50
       Bite              |       |    10 ||    10
       Punch             |       |     2 ||     2
 Fire: Sling             |   122 |   143 ||   265
 Cast: Slow              |    22 |    34 ||    56
       Inner Flame       |     1 |     3 ||     4
Armor: Robe              |    25 |    19 ||    44
Dodge: Dodged            |    38 |    73 ||   111

Table legend: (Time is in decaauts)
 A = Elapsed time spent in this place.
 B = Non-inter-level travel time spent in this place.
 C = Inter-level travel time spent in this place.
 D = Time resting spent in this place.
 E = Time spent auto-exploring this place.
 F = Levels seen in this place.
 G = Mean time per level.
                   A        B        C        D        E       F      G
               +--------+--------+--------+--------+--------+-----+--------+
         Total |   3317 |   3067 |    250 |    209 |   2196 |   4 |  829.2 |
       Dungeon |   3317 |   3067 |    250 |    209 |   2196 |   4 |  829.2 |
               +--------+--------+--------+--------+--------+-----+--------+

Top non-repeatable levels by time:
     D:2: 1378 daAuts
     D:3: 1197 daAuts
     D:1: 641 daAuts
     D:4: 99 daAuts
